 Dungeon Sprint DCSS version 0.31-a0-626-g8143ab4f1d (webtiles) character file.

Game seed: 10737487471054393054

4798 rocky1 the Carver (level 10, -4/84 HPs)
             Began as a Djinni Gladiator on Aug 25, 2023.
             Was an Initiate of Gozag.
             Slain by a tyrant leech (28 damage)
             ... in the Dungeon (Sprint III: "The Ten Rune Challenge").
             The game lasted 00:11:46 (3518 turns).

rocky1 the Carver (Djinni Gladiator)                Turns: 3518, Time: 00:11:46

Health: -4/84      AC:  7    Str: 13    XL:     10   Next: 76%
Gold:   1234       EV: 17    Int: 19    God:    Gozag SH:  0 Dex: 17

rFire   + + .        d - +0 long sword (holy)
rCold   x . .        (no shield)
rNeg    . . .        w - +1 leather armour of Syoghikh {rPois Int+4}
rPois   ∞            x - +1 helmet {Int+3}
rElec   .            (no cloak)
rCorr   .            (no gloves)
SInv    .            (boots unavailable)
Will    +....        (no amulet)
Stlth   ++           (no ring)
HPRegen 0.34/turn    (no ring)
MPRegen 0.00/turn

%: no teleportation, infuse magic (-5 HP)
@: flying
A: sickness immunity, fire resistance 2, cold vulnerability 1, float, innate
caster, HP casting, extra vitality 1
a: Renounce Religion, Potion Petition, Call Merchant, Bribe Branch


You were in the Dungeon.
You worshipped Gozag.
Gozag was most pleased with you.
You visited 1 branch You collected 5861 gold pieces.
You spent 1756 gold pieces at shops.
You paid 2871 gold pieces to Gozag.

Inventory:

Hand Weapons
 a - a +0 long sword
 d - a +0 long sword of holy wrath (weapon)
Missiles
 e - a javelin
 k - 4 poisoned darts
Armour
 b - a +0 leather armour
 c - a +0 helmet
 h - a +2 leather armour of willpower
 w - the +1 leather armour of Syoghikh (worn) {rPois Int+4}
   (You bought it in a shop in the Dungeon)

   Int+4:     It affects your intelligence (+4).
   rPois:     It protects you from poison
 x - a +1 helmet of intelligence (worn)
Jewellery
 v - the ring "Kiugiv" {*Slow rPois rN+ EV+5}
   (You bought it in a shop in the Dungeon)

   [ring of evasion]

   EV+5:      It affects your evasion (+5).
   rPois:     It protects you from poison rN+: It protects you from negative
   energy.
   *Slow:     It may slow you when you take damage.
Wands
 n - a wand of iceblast (1)
 r - a wand of flame (9) (quivered)
 u - a wand of digging (5)
Scrolls
 j - 2 scrolls of blinking
 m - 4 scrolls of immolation
 p - a scroll of torment
 s - 3 scrolls of amnesia {unknown}
 t - a scroll of identify
Potions
 f - 2 potions of curing
 l - 3 potions of mutation
 o - 3 potions of enlightenment
Miscellaneous
 i - a sack of spiders


   Skills:
 + Level 12.1 Fighting
 - Level 14.2 Long Blades
 - Level 3.6 Throwing
 + Level 6.0 Armour
 - Level 10.0 Dodging
 - Level 2.0 Stealth
 * Level 6.4 Spellcasting
 * Level 6.4 Conjurations
 * Level 6.4 Hexes
 * Level 6.4 Summonings
 * Level 6.4 Necromancy
 * Level 6.4 Translocations
 * Level 6.4 Transmutations
 * Level 6.4 Fire Magic
 * Level 6.4 Ice Magic
 * Level 6.4 Air Magic
 * Level 6.4 Earth Magic
 * Level 6.4 Poison Magic
 + Level 4.7 Evocations


You knew the following spells:

 Your Spells              Type           Power      Damage    Failure   Level
a - Sandblast             Erth           60%        2d14      1%          1
b - Lesser Beckoning      Tloc           60%        N/A       1%          2
c - Searing Ray           Conj           60%        2d6       1%          2
d - Passage of Golubria   Tloc           30%        N/A       10%         4
Your spell library was empty.

Dungeon Overview and Level Annotations

Branches:
Dungeon (1/1)

Altars:
Cheibriados
Dithmenos
Elyvilon
Fedhas
Gozag
Hepliaklqana
Makhleb
Nemelex Xobeh
Okawaru
Qazlal
Ru
Trog
Uskayaw
Wu Jian
Xom
Yredelemnul
Zin
The Shining One
Jiyva
Lugonu

Shops:
D (**[


Innate Abilities, Weirdness & Mutations

You are immune to sickness and miasma.
You are immune to poison.
Your flesh is very heat resistant. (rF++)
You are vulnerable to cold. (rC-)
You float through the air rather than walking.
You learn spells naturally, not from books.
Your magical power is your life essence.
You have superior vitality. (+4 MHP)


Message History

Aiming: Throw Flame
Press: ? - help, Q - select action, (/) - cycle Shift-Dir - straight line, f/p - tyrant leech
Aim: a tyrant leech (lightly wounded, 57% to hit)
The puff of flame misses the tyrant leech.
Unknown command.
You barely miss the tyrant leech.
The tyrant leech is lightly wounded.
The tyrant leech bites you.
You slash the tyrant leech!
The tyrant leech is moderately wounded.
You closely miss the tyrant leech.
The tyrant leech is moderately wounded.
The tyrant leech bites you!
You hit the tyrant leech but do no damage.
The tyrant leech is moderately wounded.
You closely miss the tyrant leech.
The tyrant leech is moderately wounded.
The tyrant leech bites you!!
You completely miss the tyrant leech.
The tyrant leech is moderately wounded.
You closely miss the tyrant leech.
The tyrant leech is moderately wounded.
The tyrant leech misses you.
You closely miss the tyrant leech.
The tyrant leech is moderately wounded.
The tyrant leech completely misses you.
You completely miss the tyrant leech.
The tyrant leech is moderately wounded.
You closely miss the tyrant leech.
The tyrant leech is moderately wounded.
The tyrant leech bites you!
* * * LOW HITPOINT WARNING * * *
You slash the tyrant leech!
The tyrant leech is heavily wounded.
You hit the tyrant leech but do no damage.
Your punch misses the tyrant leech.
The tyrant leech is heavily wounded.
The tyrant leech bites you!!
You die...
Your body crumbles into a pile of gold.

..#......#)###__#...##)#).#.##.##
##.#.....#.).#__#...)##)#.#.##.#.
#####....#___#__'...#.))#..#..##.
▓ ▓▓▓▓▓▓▓▓▓▓▓▓▓▓▓▓▓▓▓▓▓▓▓▓▓▓▓▓▓
♣♣~~~........~~~..
+♣♣'♣≈≈≈≈≈≈≈≈≈≈≈≈♣♣.
#.~♣♣♣♣♣♣♣♣♣♣♣♣♣♣♣♣P #..♣♣ ♣♣
###@♣ ♣w# ♣...## ♣♣.# ♣. ♣


You could see a tyrant leech.

Vanquished Creatures
  Erolcha (D)
  2 cane toads (D)
  A komodo dragon (D)
  3 wandering mushrooms (D)
  A shadow (D)
  3 redbacks (D)
  A spatial vortex (D)
  4 orc warriors (D)
  5 two-headed ogres (D)
  A necrophage (D)
  A water elemental (D)
  A jelly (D)
  Jessica (D)
  A wizard (D)
  A necromancer (D)
  A kobold demonologist (D)
  3 humans (D)
  A wolf (D)
  13 orcs (D)
  A ball python (D)
  An endoplasm (D)
  A rat (D)
48 creatures vanquished.

Vanquished Creatures (others)
  A deep elf pyromancer (D)
1 creature vanquished.

Grand Total: 49 creatures vanquished

Notes
Turn   | Place    | Note
-------+----------+-------------------------------------------
     0 | D        | rocky1 the Djinni Gladiator began the quest for the Orb.
     0 | D        | Reached XP level 1. HP: 18/18 MP: 0/0
    12 | D        | Reached skill level 3 in Long Blades
    21 | D        | Noticed Jessica
    33 | D        | Killed Jessica
    34 | D        | Reached skill level 4 in Long Blades
    34 | D        | Reached skill level 5 in Dodging
    34 | D        | Reached XP level 2. HP: 15/24 MP: 0/0
    34 | D        | Reached XP level 3. HP: 18/29 MP: 0/0
    34 | D        | Learned a level 1 spell: Sandblast
   116 | D        | Reached skill level 1 in Armour
   267 | D        | Reached skill level 5 in Long Blades
   267 | D        | Reached XP level 4. HP: 30/35 MP: 0/0
   312 | D        | Noticed a water elemental
   318 | D        | Killed a water elemental
   319 | D        | Reached skill level 6 in Long Blades
   319 | D        | Reached skill level 1 in Stealth
   319 | D        | Reached XP level 5. HP: 25/40 MP: 0/0
   319 | D        | Learned a level 2 spell: Lesser Beckoning
   525 | D        | Noticed a shadow
   530 | D        | Killed a shadow
   531 | D        | Reached skill level 8 in Long Blades
   531 | D        | Reached skill level 1 in Spellcasting
   531 | D        | Reached skill level 1 in Conjurations
   531 | D        | Reached skill level 1 in Hexes
   531 | D        | Reached skill level 1 in Summonings
   531 | D        | Reached skill level 1 in Necromancy
   531 | D        | Reached skill level 1 in Translocations
   531 | D        | Reached skill level 1 in Transmutations
   531 | D        | Reached skill level 1 in Fire Magic
   531 | D        | Reached skill level 1 in Ice Magic
   531 | D        | Reached skill level 1 in Air Magic
   531 | D        | Reached skill level 1 in Earth Magic
   531 | D        | Reached skill level 1 in Poison Magic
   531 | D        | Reached XP level 6. HP: 48/49 MP: 0/0
   690 | D        | Found a blossoming altar of Fedhas.
   690 | D        | Found a stormy altar of Qazlal.
   690 | D        | Found a snail-covered altar of Cheibriados.
   690 | D        | Found a burning altar of Makhleb.
   690 | D        | Found a shimmering altar of Xom.
   691 | D        | Found a hazy altar of Hepliaklqana.
   691 | D        | Found an opulent altar of Gozag.
   691 | D        | Found a sparkling altar of Nemelex Xobeh.
   691 | D        | Found a corrupted altar of Lugonu.
   691 | D        | Found a viscous altar of Jiyva.
   691 | D        | Noticed a spatial vortex
   695 | D        | Became a worshipper of Gozag Ym Sagoz the Greedy
   709 | D        | Killed a spatial vortex
   710 | D        | Reached skill level 5 in Fighting
   710 | D        | Reached skill level 9 in Long Blades
   710 | D        | Reached XP level 7. HP: 27/54 MP: 0/0
   710 | D        | Learned a level 2 spell: Searing Ray
   812 | D        | Found a basalt altar of Yredelemnul.
   812 | D        | Found a shadowy altar of Dithmenos.
   812 | D        | Found a sacrificial altar of Ru.
   847 | D        | Found a glowing silver altar of Zin.
   847 | D        | Found a glowing golden altar of the Shining One.
   847 | D        | Found a white marble altar of Elyvilon.
   847 | D        | Noticed a deep elf pyromancer
   871 | D        | Killed a deep elf pyromancer
   872 | D        | Reached skill level 10 in Long Blades
   872 | D        | Reached XP level 8. HP: 33/62 MP: 0/0
   978 | D        | Noticed a sixfirhy
   982 | D        | Noticed a sun demon
   985 | D        | Reached skill level 11 in Long Blades
  1137 | D        | Found a hide-covered altar of Uskayaw.
  1137 | D        | Found an iron altar of Okawaru.
  1137 | D        | Found a bloodstained altar of Trog.
  1137 | D        | Found an ornate altar of the Wu Jian Council.
  1137 | D        | Noticed a human
  1138 | D        | Noticed a human
  1164 | D        | Killed a human
  1172 | D        | Killed a human
  1363 | D        | Reached XP level 9. HP: 16/69 MP: 0/0
  1363 | D        | Learned a level 4 spell: Passage of Golubria
  1563 | D        | Noticed a two-headed ogre
  1589 | D        | Killed a two-headed ogre
  1590 | D        | Reached skill level 12 in Long Blades
  1909 | D        | Noticed Erolcha
  1910 | D        | Noticed a two-headed ogre
  1928 | D        | Killed Erolcha
  1929 | D        | Reached skill level 13 in Long Blades
  1929 | D        | Reached skill level 5 in Armour
  1932 | D        | Killed a two-headed ogre
  2188 | D        | Reached skill level 5 in Spellcasting
  2188 | D        | Reached skill level 5 in Conjurations
  2188 | D        | Reached skill level 5 in Hexes
  2188 | D        | Reached skill level 5 in Summonings
  2188 | D        | Reached skill level 5 in Necromancy
  2188 | D        | Reached skill level 5 in Translocations
  2188 | D        | Reached skill level 5 in Transmutations
  2188 | D        | Reached skill level 5 in Fire Magic
  2188 | D        | Reached skill level 5 in Ice Magic
  2188 | D        | Reached skill level 5 in Air Magic
  2188 | D        | Reached skill level 5 in Earth Magic
  2188 | D        | Reached skill level 5 in Poison Magic
  2195 | D        | Reached XP level 10. HP: 49/80 MP: 0/0
  2289 | D        | Bought a dyed leather armour for 145 gold pieces
  2289 | D        | Bought a long iron wand for 116 gold pieces
  2289 | D        | Bought a scroll of blinking for 217 gold pieces
  2289 | D        | Bought a scroll labelled REEROKKEMA for 29 gold pieces
  2319 | D        | Reached skill level 10 in Fighting
  2460 | D        | Reached skill level 14 in Long Blades
  2864 | D        | Found Inuifa Buopn's Weapon Emporium.
  2938 | D        | Bought a scroll of identify for 58 gold pieces
  2947 | D        | Bought a scroll labelled REEROKKEMA for 29 gold pieces
  2947 | D        | Bought a scroll of identify for 58 gold pieces
  2947 | D        | Bought a brass wand for 116 gold pieces
  2947 | D        | Bought a brightly glowing iron ring for 145 gold pieces
  2947 | D        | Identified the ring "Kiugiv" {*Slow rPois rN+ EV+5} (You
                  | bought it in a shop in the Dungeon)
  2947 | D        | Bought a wand of flame (3) for 60 gold pieces
  2947 | D        | Bought a scroll labelled REEROKKEMA for 29 gold pieces
  2947 | D        | Bought 3 scrolls of immolation for 348 gold pieces
  2949 | D        | Bought a blackened leather armour for 196 gold pieces
  2949 | D        | Identified the +1 leather armour of Syoghikh {rPois Int+4}
                  | (You bought it in a shop in the Dungeon)
  2949 | D        | Bought a runed helmet for 210 gold pieces
  3100 | D        | Noticed a cane toad
  3100 | D        | Noticed a komodo dragon
  3100 | D        | Noticed a cane toad
  3112 | D        | Killed a cane toad
  3258 | D        | Killed a cane toad
  3272 | D        | Killed a komodo dragon
  3273 | D        | Reached skill level 10 in Dodging
  3518 | D        | Slain by a tyrant leech

Illustrated notes

Levels and vault maps discovered:
D:        dungeon_sprint_mu [sprint_mu_entry_cave, sprint_mu_temple_rooms,
          sprint_mu_d1_spiders, sprint_mu_d2_genie, sprint_mu_d3_branching,
          sprint_mu_orc_legion, sprint_mu_elf_gauntlet, sprint_mu_hive_nellie,
          sprint_mu_lair_fedhas, sprint_mu_vaults_butterflies,
          sprint_mu_slime_circle, sprint_mu_swamp_cave, sprint_mu_shoals_archi,
          sprint_mu_blade_basic, sprint_mu_crypt_chambers,
          sprint_mu_tomb_spiral, sprint_mu_vestibule_basic,
          sprint_mu_gehenna_hellfire, sprint_mu_dis_giant,
          sprint_mu_tartarus_statrot, sprint_mu_cocytus_islands, sprint_mu_zot1]

Skill      XL: |  1  2  3  4  5  6  7  8  9 10 |
---------------+-------------------------------+-----
Long Blades    | 4 5 6 8 9 10 11 13 14 | 14.2
Throwing       | 2 3 |  3.6
Dodging        | 5 6 7 8 10 | 10.0
Armour         | 1 2 3 4 5 6 |  6.0
Fighting       | 3 4 5 6 7 9 12 | 12.1
Stealth        | 1 2 |  2.0
Spellcasting   | 1 2 3 4 5 6 |  6.4
Conjurations   | 1 2 3 4 5 6 |  6.4
Hexes          | 1 2 3 4 5 6 |  6.4
Summonings     | 1 2 3 4 5 6 |  6.4
Necromancy     | 1 2 3 4 5 6 |  6.4
Translocations | 1 2 3 4 5 6 |  6.4
Transmutations | 1 2 3 4 5 6 |  6.4
Fire Magic     | 1 2 3 4 5 6 |  6.4
Ice Magic      | 1 2 3 4 5 6 |  6.4
Air Magic      | 1 2 3 4 5 6 |  6.4
Earth Magic    | 1 2 3 4 5 6 |  6.4
Poison Magic   | 1 2 3 4 5 6 |  6.4
Evocations     | 2 3 4 |  4.7

Action                     |  1- 3 |  4- 6 |  7- 9 | 10-12 || total
---------------------------+-------+-------+-------+-------++-------
  Melee: Long sword        |    19 |    26 |   109 |   165 ||   319
         Punch             |     2 |       |     4 |     3 ||     9
  Throw: Dart              |     6 |       |     6 |     1 ||    13
         Throwing net      |     1 |       |     2 |     1 ||     4
         Javelin           |       |     1 |     2 |       ||     3
   Cast: Searing Ray       |       |       |       |     1 ||     1
 Invoke: Potion Petition   |       |       |     1 |       ||     1
         Call Merchant     |       |       |       |     3 ||     3
  Evoke: Wand              |       |       |     7 |     3 ||    10
    Use: Scroll            |       |     2 |     1 |     1 ||     4
         Potion            |       |     1 |     2 |     1 ||     4
   Stab: Sleeping          |     1 |       |       |       ||     1
         Distracted        |       |       |     1 |     1 ||     2
 Armour: Leather armour    |       |       |     6 |    20 ||    26
  Dodge: Dodged            |    11 |     8 |    74 |    80 ||   173

Table legend: (Time is in decaauts)
 A = Elapsed time spent in this place.
 B = Non-inter-level travel time spent in this place.
 C = Inter-level travel time spent in this place.
 D = Time resting spent in this place.
 E = Time spent auto-exploring this place.
 F = Levels seen in this place.
 G = Mean time per level.
                   A        B        C        D        E       F      G
               +--------+--------+--------+--------+--------+-----+--------+
         Total |   3446 |   3405 |     41 |   2486 |     14 |   1 | 3446.0 |
       Dungeon |   3446 |   3405 |     41 |   2486 |     14 |   1 | 3446.0 |
               +--------+--------+--------+--------+--------+-----+--------+

Top non-repeatable levels by time:
       D: 3446 daAuts
